 Dungeon Crawl Stone Soup version 0.24-a0-584-g9d6b971ae4 (webtiles) character file.

Game seed: 919629819520752748, levelgen mode: deterministic

874 Gynju the Charmwright (level 8, -3/63 HPs)
             Began as a Gnoll Skald on Sept 3, 2019.
             Was an Initiate of Okawaru.
             Slain by a sky beast (5 damage)
             ... on level 5 of the Dungeon.
             The game lasted 00:08:37 (6273 turns).

Gynju the Charmwright (Gnoll Skald)                 Turns: 6273, Time: 00:08:38

Health: -3/63      AC:  5    Str: 15    XL:     8   Next: 4%
Magic:  0/16       EV: 14    Int: 17    God:    Okawaru [......]
Gold:   107        SH:  0    Dex: 14    Spells: 7/18 levels left

rFire    . . .     SeeInvis .   q - +1 flail (holy)
rCold    . . .     Gourm    .   (no shield)
rNeg     + . .     Faith    .   b - +0 leather armour
rPois    .         Spirit   .   v - +0 helmet
rElec    .         Reflect  .   u - +0 cloak (curse)
rCorr    .         Harm     .   (no gloves)
MR       .....                  (no boots)
Stlth    ++........             s - amulet of rage
HPRegen  0.20/turn              m - ring of positive energy
MPRegen  0.15/turn              (no ring)

@: infused, singing (expiring)
A: distributed training, fangs 1, strong nose
a: Renounce Religion, Evoke Berserk Rage


You were on level 5 of the Dungeon.
You worshipped Okawaru.
Okawaru was noncommittal.
You were very hungry.

You visited 2 branches of the dungeon, and saw 6 of its levels.

You collected 107 gold pieces.

Inventory:

Hand Weapons
 q - a +1 flail of holy wrath (weapon)
Missiles
 n - 20 poisoned darts (quivered)
Armour
 b - a +0 leather armour (worn)
 u - a cursed +0 cloak (worn)
 v - a +0 helmet (worn)
Jewellery
 m - a ring of positive energy (left hand)
 s - an amulet of rage (around neck)
 w - the amulet "Toar Rair" {RegenMP rPois rN+, unknown}
   (You found it on level 5 of the Dungeon)

   [amulet of magic regeneration]

   It increases your magic regeneration.
   It protects you from poison.
   It protects you from negative energy.
Scrolls
 e - 2 scrolls of identify {unknown}
 f - a scroll of immolation {unknown}
 j - 3 scrolls of magic mapping {unknown}
 k - 4 scrolls of teleportation {unknown}
 o - a scroll of blinking {unknown}
 r - 3 scrolls of remove curse {unknown}
 x - a scroll of fog {unknown}
Potions
 c - a potion of mutation {unknown}
 g - a potion of magic {unknown}
 h - a potion of agility {unknown}
 i - a potion of brilliance {unknown}
 l - a potion of heal wounds {unknown}
 p - a potion of lignification {unknown}
 t - a potion of resistance {unknown}
Comestibles
 d - 9 rations


   Skills:
 + Level 5.4 Fighting
 + Level 2.8 Short Blades
 + Level 2.8 Long Blades
 + Level 2.8 Axes
 + Level 2.8 Maces & Flails
 + Level 5.4 Polearms
 + Level 2.8 Staves
 + Level 2.8 Slings
 + Level 2.8 Bows
 + Level 2.8 Crossbows
 + Level 2.8 Throwing
 + Level 3.9 Armour
 + Level 5.4 Dodging
 + Level 2.8 Stealth
 + Level 2.8 Shields
 + Level 2.8 Unarmed Combat
 + Level 5.8 Spellcasting
 + Level 2.3 Conjurations
 + Level 2.3 Hexes
 + Level 5.9 Charms
 + Level 2.3 Summonings
 + Level 2.3 Necromancy
 + Level 2.3 Translocations
 + Level 2.3 Transmutations
 + Level 2.3 Fire Magic
 + Level 2.3 Ice Magic
 + Level 2.3 Air Magic
 + Level 2.3 Earth Magic
 + Level 2.3 Poison Magic
 + Level 3.1 Invocations
 + Level 2.8 Evocations


You had 7 spell levels left.
You knew the following spells:

 Your Spells              Type           Power        Failure   Level  Hunger
a - Infusion              Chrm           ####         1%          1    None
b - Song of Slaying       Chrm           ####....     1%          2    #......
c - Shroud of Golubria    Chrm/Tloc      ###...       4%          2    #......
d - Regeneration          Chrm/Necr      ###.......   9%          3    ##.....
e - Spectral Weapon       Hex/Chrm       ###.....     9%          3    ##.....

Your spell library contained the following spells:

 Spells                   Type           Power        Failure   Level  Hunger
 Confusing Touch          Hex            ##....       6%          1    None
 Confuse                  Hex            ##......     19%         3    ##.....
 Gell's Gravitas          Tloc           ##........   19%         3    ##.....
 Petrify                  Tmut/Erth      ##......     52%         4    ####...
 Metabolic Englaciation   Hex/Ice        ##........   86%         5    ######.
 Yara's Violent Unravell  Hex/Tmut       ##........   86%         5    ######.


Dungeon Overview and Level Annotations

Branches:
Dungeon (5/15)             Temple (1/1) D:5

Altars:
Ashenzari
Cheibriados
Dithmenos
Elyvilon
Fedhas
Gozag
Kikubaaqudgha
Makhleb
Okawaru
Qazlal
Ru
Sif Muna
Trog
Uskayaw
Vehumet
Wu Jian
Xom
Yredelemnul
Zin
The Shining One


Innate Abilities, Weirdness & Mutations

Your experience applies equally to all skills.
You have very sharp teeth.
Your uncanny sense of smell can sniff out nearby items.


Message History

The water moccasin misses you.
You hit the water moccasin.
The water moccasin is almost dead.
Your song is almost over.
The water moccasin bites you!
* * * LOW HITPOINT WARNING * * *
Something hits you but does no damage.
You thump the water moccasin!
You kill the water moccasin!
Okawaru accepts your kill.
You have reached level 8!
You feel clever. Something hits you.
* * * LOW HITPOINT WARNING * * *
Something shocks you.
* * * LOW HITPOINT WARNING * * *
Something hits you.
* * * LOW HITPOINT WARNING * * *
Something shocks you.
You die...

.... .#...# ...# #..#
#...#$#...# #.#
...#...#..# ....o...#
##+### .. .#...#....#
#....# .. #...#%#...#
#....#.##.# ...#..)#..#
#....#.##.#
.....(†@..##
#....#....#
.#...#†.[..# #.....## #
#..
#?#..#.###......#### .
#...#.#.##...........
.......#.#..#..8..#...
#########...##.....##..
#..##..#.#..##.
#.##..##.##..##
#....##...##...


There were no monsters in sight!

Vanquished Creatures
  A water moccasin (D:5)
  An ogre (D:3)
  2 centaurs (D:5)
  A scorpion (D:5)
  2 vampire bats (D:2)
  A howler monkey (D:5)
  A bullfrog zombie (D:5)
  2 hounds (D:4)
  Crazy Yiuf (D:4)
  2 worker ants
  A gnoll (D:1)
  7 adders
  An ooze (D:1)
  3 worms
  3 dart slugs
  9 leopard geckos
  10 orcs
  3 bat skeletons (D:2)
  3 bat zombies (D:2)
  5 giant cockroaches
  8 goblins
  6 hobgoblins
  7 jackals
  7 kobolds
  2 quokkas
  4 ball pythons
  6 bats
  3 frilled lizards
  7 rats
109 creatures vanquished.

Vanquished Creatures (others)
  A spectral weapon (D:5)
1 creature vanquished.

Grand Total: 110 creatures vanquished

Notes
Turn   | Place    | Note
-------+----------+-------------------------------------------
     0 | D:1      | Gynju the Gnoll Skald began the quest for the Orb.
     0 | D:1      | Reached XP level 1. HP: 20/20 MP: 6/6
   373 | D:1      | Reached XP level 2. HP: 24/26 MP: 7/7
   380 | D:1      | Learned a level 2 spell: Song of Slaying
   383 | D:1      | Learned a level 2 spell: Shroud of Golubria
   846 | D:1      | Reached XP level 3. HP: 31/31 MP: 3/9
  1002 | D:1      | Reached skill level 5 in Spellcasting
  1227 | D:1      | Reached skill level 1 in Invocations
  1757 | D:2      | Found a bloodstained altar of Trog.
  1795 | D:2      | Reached skill level 1 in Short Blades
  1795 | D:2      | Reached skill level 1 in Long Blades
  1795 | D:2      | Reached skill level 1 in Axes
  1795 | D:2      | Reached skill level 1 in Maces & Flails
  1795 | D:2      | Reached skill level 1 in Staves
  1795 | D:2      | Reached skill level 1 in Slings
  1795 | D:2      | Reached skill level 1 in Bows
  1795 | D:2      | Reached skill level 1 in Crossbows
  1795 | D:2      | Reached skill level 1 in Throwing
  1795 | D:2      | Reached skill level 1 in Stealth
  1795 | D:2      | Reached skill level 1 in Shields
  1795 | D:2      | Reached skill level 1 in Unarmed Combat
  1795 | D:2      | Reached skill level 1 in Evocations
  2005 | D:2      | Reached XP level 4. HP: 38/38 MP: 4/11
  2765 | D:2      | Reached skill level 1 in Conjurations
  2765 | D:2      | Reached skill level 1 in Hexes
  2765 | D:2      | Reached skill level 1 in Summonings
  2765 | D:2      | Reached skill level 1 in Necromancy
  2765 | D:2      | Reached skill level 1 in Translocations
  2765 | D:2      | Reached skill level 1 in Transmutations
  2765 | D:2      | Reached skill level 1 in Fire Magic
  2765 | D:2      | Reached skill level 1 in Ice Magic
  2765 | D:2      | Reached skill level 1 in Air Magic
  2765 | D:2      | Reached skill level 1 in Earth Magic
  2765 | D:2      | Reached skill level 1 in Poison Magic
  2836 | D:2      | Found an ancient bone altar of Kikubaaqudgha.
  2845 | D:2      | Reached XP level 5. HP: 43/43 MP: 12/12
  2989 | D:2      | Learned a level 3 spell: Regeneration
  2993 | D:2      | Learned a level 3 spell: Spectral Weapon
  3900 | D:3      | Found an opulent altar of Gozag.
  3900 | D:3      | Found a blossoming altar of Fedhas.
  4235 | D:4      | Noticed an ogre
  4440 | D:3      | Killed an ogre
  4440 | D:3      | Reached XP level 6. HP: 49/50 MP: 10/14
  4600 | D:4      | Reached skill level 5 in Fighting
  4600 | D:4      | Reached skill level 5 in Polearms
  4600 | D:4      | Reached skill level 5 in Dodging
  5162 | D:4      | Found a burning altar of Makhleb.
  5305 | D:4      | Found a runed translucent door.
  5306 | D:4      | Noticed Crazy Yiuf
  5317 | D:4      | Killed Crazy Yiuf
  5317 | D:4      | Reached XP level 7. HP: 48/56 MP: 2/15
  5588 | D:5      | Entered Level 5 of the Dungeon
  5849 | D:5      | Found a staircase to the Ecumenical Temple.
  5852 | D:5      | Got a slimy garnet amulet
  5873 | Temple   | Entered the Ecumenical Temple
  6212 | Temple   | Became a worshipper of Warmaster Okawaru
  6273 | D:5      | Reached XP level 8. HP: 11/63 MP: 0/16
  6273 | D:5      | HP: 2/63 [something (2)]
  6273 | D:5      | Slain by a sky beast

Levels and vault maps discovered:
D:1:      sevenhm_arrival_forest_fort_small_6, layout_loops_cross,
          serial_bayou_ford_a
D:2:      layout_loops_ring, bloody_trog, kennysheep_vampire_church
D:3:      layout_loops_cross, gammafunk_temple_overflow_elements,
          minmay_misc_feat_enclosed
D:4:      layout_rooms, first_ration, makhleb_blood_cavern_becter,
          uniq_crazy_yiuf_cottage
D:5:      cheibrodos_fzero, layout_basic, minmay_temple_entry_waves
Temple:   eino_temple_scatter_basement

Skill      XL: |  1  2  3  4  5  6  7 |
---------------+----------------------+-----
Spellcasting   | 5 |  5.8
Invocations    | 1 2 3 |  3.1
Short Blades   | 1 2 |  2.8
Long Blades    | 1 2 |  2.8
Axes           | 1 2 |  2.8
Maces & Flails | 1 2 |  2.8
Staves         | 1 2 |  2.8
Slings         | 1 2 |  2.8
Bows           | 1 2 |  2.8
Crossbows      | 1 2 |  2.8
Throwing       | 1 2 |  2.8
Stealth        | 1 2 |  2.8
Shields        | 1 2 |  2.8
Unarmed Combat | 1 2 |  2.8
Evocations     | 1 2 |  2.8
Conjurations   | 1 2 |  2.3
Hexes          | 1 2 |  2.3
Summonings     | 1 2 |  2.3
Necromancy     | 1 2 |  2.3
Translocations | 1 2 |  2.3
Transmutations | 1 2 |  2.3
Fire Magic     | 1 2 |  2.3
Ice Magic      | 1 2 |  2.3
Air Magic      | 1 2 |  2.3
Earth Magic    | 1 2 |  2.3
Poison Magic   | 1 2 |  2.3
Armour         | 3 |  3.9
Fighting       | 5 |  5.4
Polearms       | 5 |  5.4
Dodging        | 5 |  5.4
Charms         | |  5.9

Action                   |  1- 3 |  4- 6 |  7- 9 || total
-------------------------+-------+-------+-------++-------
Melee: Spear             |   115 |   102 |       ||   217
       Bite              |    12 |    21 |     6 ||    39
       Unarmed           |       |    43 |       ||    43
       Flail             |       |    91 |    48 ||   139
       Punch             |       |     1 |       ||     1
 Cast: Infusion          |     8 |    16 |     3 ||    27
       Song of Slaying   |     7 |     6 |     2 ||    15
       Regeneration      |       |     4 |       ||     4
       Spectral Weapon   |       |     4 |     1 ||     5
       Shroud of Golubri |       |     2 |       ||     2
 Stab: Sleeping          |       |     5 |     1 ||     6
  Eat: Chunk             |     4 |    11 |     2 ||    17
Armor: Leather armour    |    18 |    71 |    21 ||   110
Dodge: Dodged            |    57 |   258 |    56 ||   371

Table legend:
 A = Non-vault XP
 B = Vault XP
 C = Vault XP percentage of total XP
 D = Non-vault monster count
 E = Vault monster count
 F = Vault count percentage of total count
                 A         B        C        D         E       F
            +---------+---------+-------+---------+---------+-------
      Total |     675 |     574 |  46.0 |      91 |      18 |  16.5
            +---------+---------+-------+---------+---------+-------
        D:1 |      57 |       0 |   0.0 |      19 |       0 |   0.0
        D:2 |      76 |     124 |  62.0 |      29 |       8 |  21.6
        D:3 |     164 |       0 |   0.0 |      20 |       0 |   0.0
        D:4 |     145 |      84 |  36.7 |      17 |       2 |  10.5
        D:5 |     233 |     366 |  61.1 |       6 |       8 |  57.1
            +---------+---------+-------+---------+---------+-------
